 Dungeon Crawl Stone Soup version 0.20.0-10-g0535bb4 (webtiles) character file.

50 vatarom the Sneak (level 3, 0/19 HPs)
             Began as a Vine Stalker Assassin on June 4, 2017.
             Slain by an orc
             ... wielding a +0 trident
              (4 damage)
             ... on level 3 of the Dungeon.
             The game lasted 00:02:34 (1384 turns).

vatarom the Sneak (Vine Stalker Assassin)           Turns: 1384, Time: 00:02:35

Health: 0/19       AC:  4    Str: 13    XL:     3   Next: 79%
Magic:  0/4        EV: 11    Int: 11    God:
Gold:   50         SH:  0    Dex: 16    Spells: 2/2 levels left

rFire    . . .     SeeInvis +   a - +2 dagger
rCold    . . .     Gourm    .   (no shield)
rNeg     . . .     Faith    .   j - +0 robe
rPois    .         Spirit   +   l - +1 hat {SInv}
rElec    .         Reflect  .   d - +0 cloak
rCorr    .         Harm     .   (no gloves)
MR       .....                  (no boots)
Stlth    +++.......             (no amulet)
Regen    0.1/turn               (no ring)
MPRegen  0.1/turn               (no ring)

@: no status effects
A: fangs 2, magic shield, antimagic bite, no potion heal 3, rot immunity
a: no special abilities


You were on level 3 of the Dungeon.
You were not hungry.

You visited 1 branch of the dungeon, and saw 3 of its levels.

You collected 50 gold pieces.

Inventory:

Hand Weapons
 a - a +2 dagger (weapon)
 b - a +0 blowgun
Missiles
 e - 23 poisoned needles
 f - 2 curare-tipped needles
Armour
 d - a +0 cloak (worn)
 j - a +0 robe (worn)
 l - a +1 hat of see invisible (worn)
Potions
 c - 2 potions of resistance {unknown}
 h - a potion of haste {unknown}
 k - 4 potions of curing {unknown}
Comestibles
 g - 2 bread rations
 i - 2 chunks of flesh


   Skills:
 + Level 2.7 Fighting
 + Level 2.9 Short Blades
 - Level 1.7 Throwing
 - Level 0.7 Dodging
 - Level 4.8 Stealth


You had 2 spell levels left.
You didn't know any spells.

Dungeon Overview and Level Annotations

Branches:
Dungeon (3/15)

Altars:
Dithmenos
Okawaru
Yredelemnul


Innate Abilities, Weirdness & Mutations

You have extremely sharp teeth.
When hurt, damage is shared between your health and your magic reserves.
Your bite disrupts and absorbs the magic of your enemies.
Potions cannot restore your health.
You are immune to rotting.


Message History

The orc hits you with a trident.
There is an open door here.
Things that are here:
a flail; 3 tomahawks The orc closely misses you.
The orc hits you but does no damage.
You hit the orc but do no damage. You bite the orc, but do no damage.
The orc barely misses you.
You hit the orc but do no damage. You bite the orc, but do no damage.
The orc barely misses you. The orc hits you with a trident.
* * * LOW HITPOINT WARNING * * *
You hit the orc but do no damage. You bite the orc. You drain its power.
The orc is heavily wounded.
The orc closely misses you.
You completely miss the orc. You bite the orc. You drain its power.
The orc is severely wounded.
You hit the orc but do no damage. Your bite misses the orc.
The orc is severely wounded.
The orc barely misses you. The orc hits you with a trident!
You die...

#.# #..♣.♣. #.#
#...♣)♣
#.###....♣.
#.....#...♣
#.##.......
#.##.......
#.#########
##########.# .
#oo@o.†.[..#
....##)##o...####
........)...?.#
.>......o.....#
..............#
#+###.........#
#.....#####
#.....# ###+###


You could see 4 orcs.

Vanquished Creatures
  An adder (D:2)
  A worm (D:3)
  A dart slug (D:2)
  2 orcs (D:3)
  3 bats
  3 giant cockroaches
  4 goblins
  3 hobgoblins
  2 jackals (D:1)
  A quokka (D:2)
  3 frilled lizards (D:2)
  4 kobolds
  5 rats
33 creatures vanquished.

Notes
Turn   | Place    | Note
-------+----------+-------------------------------------------
     0 | D:1      | vatarom the Vine Stalker Assassin began the quest for the Orb.
     0 | D:1      | Reached XP level 1. HP: 11/11 MP: 2/2
   131 | D:1      | Reached XP level 2. HP: 12/15 MP: 1/3
   729 | D:2      | Reached XP level 3. HP: 19/19 MP: 4/4
   947 | D:2      | Found a shadowy altar of Dithmenos.
   985 | D:2      | Found a basalt altar of Yredelemnul.
  1312 | D:3      | Found an iron altar of Okawaru.
  1384 | D:3      | Slain by an orc

Skill      XL: |  1 |
---------------+----+-----
Fighting       | 2 |  2.7
Short Blades   | 2 |  2.9
Throwing       | |  1.7
Dodging        | |  0.7
Stealth        | |  4.8

Action                   || total
-------------------------++-------
Melee: Dagger            ||    89
       Bite              ||    27
  Use: Scroll            ||     2
 Stab: Sleeping          ||     8
  Eat: Bread ration      ||     1
Armor: Robe              ||    26
Dodge: Dodged            ||    48
